 Dungeon Crawl Stone Soup version 0.28-a0-519-gbfeecf2fc5 (webtiles) character file.

Game seed: 13090360077994904897

116 speeev33 the Skirmisher (level 5, -2/33 HPs)
             Began as a Gargoyle Fighter on Sept 23, 2021.
             Killed from afar by an orc wizard (8 damage)
             ... with a magic dart
             ... on level 3 of the Dungeon.
             The game lasted 00:02:45 (2436 turns).

speeev33 the Skirmisher (Gargoyle Fighter)          Turns: 2436, Time: 00:02:45

Health: -2/33      AC: 14    Str: 21    XL:     5   Next: 1%
Magic:  5/5        EV:  7    Int:  8    God:
Gold:   95         SH:  4    Dex:  9    Spells: 4/4 levels left

rFire   . . .      SeeInvis .   a - +0 flail (vorpal)
rCold   . . .      Faith    .   c - +0 buckler
rNeg    + . .      Spirit   .   e - +0 chain mail
rPois   ∞          Reflect  .   (no helmet)
rElec   +          Harm     .   d - +0 cloak
rCorr   .          Rampage  .   (no gloves)
Will    .....                   (no boots)
Stlth   ..........              (no amulet)
HPRegen 0.11/turn               (no ring)
MPRegen 0.09/turn               (no ring)

@: no status effects
A: sickness immunity, AC +4, negative energy resistance 1, electricity
resistance, torment resistance 1, petrification resistance
a: no special abilities


You were on level 3 of the Dungeon.
You visited 1 branch of the dungeon, and saw 3 of its levels.

You collected 95 gold pieces.

Inventory:

Hand Weapons
 a - a +0 vorpal flail (weapon)
Armour
 c - a +0 buckler (worn)
 d - a +0 cloak (worn)
 e - a +0 chain mail (worn)
Scrolls
 b - 2 scrolls of identify
 g - a scroll of brand weapon
 h - 2 scrolls of teleportation
 j - a scroll of fog
Potions
 f - 2 potions of curing
 i - a potion of cancellation {unknown}


   Skills:
 + Level 4.2 Fighting
 + Level 3.1 Maces & Flails
 + Level 4.1 Armour
 - Level 4.0 Shields


You had 4 spell levels left.
You didn't know any spells.
Your spell library contained the following spells:

 Spells                   Type           Power      Damage    Failure   Level
 Freeze                   Ice            0%         1d3       98%         1
 Frozen Ramparts          Ice            0%         1d2       100%        3
 Ozocubu's Armour         Ice            0%         N/A       100%        3
 Animate Dead             Necr           0%         N/A       100%        4
 Hailstorm                Conj/Ice       0%         3d3       100%        4
 Haunt                    Necr/Summ      0%         N/A       100%        7
 Ozocubu's Refrigeration  Ice            0%         4d5       100%        7
 Infestation              Necr           0%         N/A       100%        8


Dungeon Overview and Level Annotations

Branches:
Dungeon (3/15)

Altars:

Annotations:
D:3 Robin


Innate Abilities, Weirdness & Mutations

You are immune to sickness and miasma.
Your stone body is resilient. (AC +4)
You are immune to poison.
You resist negative energy. (rN+)
You are resistant to electric shocks. (rElec)
You are resistant to unholy torment.
You are immune to petrification.


Message History

The goblin hits you but does no damage.
The giant cockroach bites you but does no damage.
You have reached level 5!
You thump the giant cockroach!
You kill the giant cockroach!
A magic dart appears from out of thin air!
The magic dart hits you but does no damage.
Robin throws the goblin at you! The goblin barely misses you.
Something hits you but does no damage.
Robin roars a battlecry!
The goblin goes into a battle-frenzy!
You see here a giant cockroach corpse.
You closely miss something. Something hits you but does no damage.
The goblin hits you but does no damage.
You hear some strange, mumbled words.
A puff of flame appears from out of thin air!
The puff of flame hits you.
You miss something. The goblin hits you but does no damage.
Something hits you but does no damage.
The kobold throws a poisoned dart.
You block the poisoned dart.
You miss something. You block the goblin's attack.
Something hits you but does no damage. The goblin barely misses you.
You closely miss something. Something hits you but does no damage.
The goblin barely misses you.
You miss something. Something hits you but does no damage.
The kobold throws a poisoned dart.
The poisoned dart hits you! The goblin barely misses you.
Something hits you but does no damage.
You miss something.
The kobold throws a poisoned dart.
The goblin completely misses you. Something hits you.
* * * LOW HITPOINT WARNING * * *
The kobold throws a poisoned dart.
The poisoned dart hits you!
You closely miss something. You block the goblin's attack. Something hits you.
* * * LOW HITPOINT WARNING * * *
The goblin hits you but does no damage.
You barely miss something. Something hits you but does no damage.
The goblin barely misses you.
You hear some strange, mumbled words.
A magic dart appears from out of thin air!
The magic dart hits you!
You die...

#. #.# #.##.....## #. #.
#.# #.##...÷... #.##. #.#
#.##....<## #.##.#
#.###.##...).## #.##.#
#.#............
#.##.####.#.####.#.####
##...#Kg.....####.#.# .
##...#†#{######.##.#.####
.w..#...wKg#@#
##...#.#..... #..w)..go#g#
##.).)..#..###
....#..)..##.###)......#..#
.#.........#....#.....##..#
#.####.##.####.##...###..#
# #.##.# #.###.## #..###
#.##.# #.# #.# #.....
#.##.# #.# #.# ##.###
#.##.####.# #.# #.#


You could see Robin, a goblin (strong) and a kobold.

Vanquished Creatures
  A jelly (D:3)
  Crazy Yiuf (D:2)
  3 orcs (D:3)
  8 endoplasms
  3 giant cockroaches
  9 goblins
  4 hobgoblins
  3 jackals (D:1)
  2 quokkas
  4 ball pythons
  2 bats
  3 kobolds (D:1)
  4 rats
47 creatures vanquished.

Notes
Turn   | Place    | Note
-------+----------+-------------------------------------------
     0 | D:1      | speeev33 the Gargoyle Fighter began the quest for the Orb.
     0 | D:1      | Reached XP level 1. HP: 14/14 MP: 1/1
   132 | D:1      | Reached XP level 2. HP: 19/19 MP: 2/2
   860 | D:1      | Reached XP level 3. HP: 24/24 MP: 3/3
  1549 | D:2      | Found a faded altar of an unknown god.
  2124 | D:2      | Found a runed translucent door.
  2125 | D:2      | Noticed Crazy Yiuf
  2131 | D:2      | Killed Crazy Yiuf
  2132 | D:2      | Reached XP level 4. HP: 29/29 MP: 4/4
  2404 | D:3      | Noticed Robin
  2424 | D:3      | Reached XP level 5. HP: 15/33 MP: 5/5
  2436 | D:3      | Killed from afar by an orc wizard

Illustrated notes

Levels and vault maps discovered:
D:1:      minmay_arrival_jagged, layout_loops_corners, serial_bayou_crossing
D:2:      layout_loops_ring, shapermc_ecumenical_altar_mp_ritualfount,
          minivault_19, uniq_crazy_yiuf_cottage
D:3:      layout_loops_ring, tso_metal_star, serial_shops,
          nicolae_shop_overgrown_old_shop, uniq_robin

Skill      XL: |  1  2  3  4 |
---------------+-------------+-----
Fighting       | 4 |  4.2
Maces & Flails | 3 |  3.1
Armour         | 4 |  4.1
Shields        | 4 |  4.0

Action                   |  1- 3 |  4- 6 || total
-------------------------+-------+-------++-------
Melee: Flail             |    79 |    52 ||   131
  Use: Scroll            |     7 |       ||     7
       Potion            |     1 |       ||     1
Armor: Scale mail        |     8 |       ||     8
       Chain mail        |    34 |    65 ||    99
Dodge: Dodged            |    35 |    28 ||    63
Block: Buckler           |    15 |    20 ||    35

Table legend: (Time is in decaauts)
 A = Elapsed time spent in this place.
 B = Non-inter-level travel time spent in this place.
 C = Inter-level travel time spent in this place.
 D = Time resting spent in this place.
 E = Time spent auto-exploring this place.
 F = Levels seen in this place.
 G = Mean time per level.
                   A        B        C        D        E       F      G
               +--------+--------+--------+--------+--------+-----+--------+
         Total |   2485 |   2383 |    102 |     49 |   1964 |   3 |  828.3 |
       Dungeon |   2485 |   2383 |    102 |     49 |   1964 |   3 |  828.3 |
               +--------+--------+--------+--------+--------+-----+--------+

Top non-repeatable levels by time:
     D:1: 1464 daAuts
     D:2: 743 daAuts
     D:3: 277 daAuts
